AoeStats
← Kosher Killer

Arabia

509262491Analyzed
2v2 RM · 8d ago on Sep 26, 2026· 33m 20s· 4 players
Game mode
Random Map
Map size
Medium (4 player)
Population
200
Speed
Normal
Resources
Standard
Victory
Conquest
Starting age
Dark Age
Ending age
Imperial Age
RankedLock teamsTeams togetherTeam positionsShared explorationLock speedFull tech treeHidden civsTurbo modeCheats
Victory
Defeat
🇲🇽 Huns · Mexico
1221
+16
🇲🇽 Berbers · Mexico
1221
+16
🇺🇸 Vikings · United States
1232
-17
🇺🇸 Maya · United States
1191
-15
echebaum
7:42 Loom
10:26 Feudal Age
12:14 Wheelbarrow
11:32 Double-Bit Axe
11:41 Horse Collar
25:05 Castle Age
23:47 Scale Barding Armor
23:52 Forging
26:07 Bloodlines
25:57 Husbandry
26:12 Gold Mining
28:41 Gold Shaft Mining
29:46 Bow Saw
30:35 Chain Barding Armor
31:40 Iron Casting
juanpasp2001825
6:07 Loom
9:16 Feudal Age
9:47 Double-Bit Axe
12:18 Horse Collar
16:42 Scale Barding Armor
17:50 Wheelbarrow
18:52 Forging
22:44 Castle Age
21:01 Gold Mining
21:40 Bloodlines
22:47 Light Cavalry
24:04 Iron Casting
23:34 Husbandry
23:55 Bow Saw
23:47 Heavy Plow
26:40 Town Watch
28:49 Hand Cart
30:23 Chain Barding Armor
BigPharmA
6:48 Loom
10:45 Feudal Age
17:03 Double-Bit Axe
17:11 Gold Mining
23:47 Castle Age
22:47 Stone Mining
23:55 Pikeman
24:35 Squires
24:56 Bow Saw
25:05 Arson
27:18 Gold Shaft Mining
27:15 Scale Mail Armor
27:26 Forging
27:10 Horse Collar
28:55 Fletching
29:22 Chain Mail Armor
29:57 Bodkin Arrow
31:41 Iron Casting
32:07 Chieftains
33:07 Fortified Wall
33:02 Murder Holes
Kosher Killer
6:27 Loom
9:19 Feudal Age
10:04 Double-Bit Axe
18:11 Fletching
23:43 Castle Age
25:46 Crossbowman
29:02 Horse Collar
29:35 Bow Saw
33:18 Wheelbarrow
Connection lost

Rejoining the realm…

Still unreachable

The connection could not be restored.

Session expired

The server has moved on; the page needs a fresh start.